Map: Frostline LE

Players

ZXRR

  • Race: Terran Terran
  • League: Platinum
  • Spawn Location: 7:00

wootwoot - Winner!

  • Race: Protoss Protoss
  • League: Gold
  • Spawn Location: 1:00

VOD

Have the link to the VOD?

Description

Time

  • Played on: April 21, 2025, 12:52 p.m.
  • Length: 2:50
Show
View Real Time Build Order
Export as new Build Order

ZXRR Terran 

Build Orders:  

Get SALT Encoding   

  12  0:02  SCV  
  13  0:14  SCV  
  13  0:17  Supply Depot  
  14  0:26  SCV  
  15  0:39  SCV  
  15  0:41  Barracks  
  16  0:45  Refinery  
  16  0:51  SCV  
  17  1:02  Refinery  
  17  1:03  SCV  
  18  1:15  SCV  
  19  1:35  Orbital Command, Reaper  
  19  1:38  Supply Depot  
  20  1:51  Factory  
  20  2:02  SCV  
  20  2:07  Reaper  
  22  2:17  SCV  
  23  2:29  SCV  
Show
View Real Time Build Order
Export as new Build Order

wootwoot Protoss - Winner!

Build Orders:  

Get SALT Encoding   

  12  0:01  Probe  
  13  0:13  Probe  
  14  0:19  Pylon  
  14  0:25  Probe  
  15  0:37  Gateway  
  15  0:42  Assimilator  
  15  0:49  Pylon  
  15  1:07  Gateway  
  15  1:13  Gateway  
  15  1:26  Cybernetics Core  
  15  1:31  Probe  
  16  1:43  Probe  
  17  1:51  Stalker x2  
  21  2:17  Stalker x2  
Tags
 
Matchup
PvT
Replay Pack
#1B2M-Replays
Spawn Locations
Cross Positions
Add a new tag
Caveats
  • Supply blocks, unpowered buildings, or Contaminate may cause inaccurate times.
  • Supply counts are checked every 10 seconds.